AoeStats
← d

African Clearing

504000935Analyzed
4v4 RM · 29d ago on Sep 3, 2026· 85m 39s· 8 players
Game mode
Random Map
Map size
Large (8 player)
Population
200
Speed
Normal
Resources
Standard
Victory
Conquest
Starting age
Dark Age
Ending age
Imperial Age
RankedLock teamsTeams togetherTeam positionsShared explorationLock speedFull tech treeHidden civsTurbo modeCheats
Victory
Defeat
🇨🇳 Vietnamese · China
1588
+13
🇨🇳 Lithuanians · China
1568
+14
🇦🇺 Magyars · Australia
1524
+16
🇻🇳 Mongols · Vietnam
1512
+17
🇨🇳 Spanish · China
1602
-18
🇯🇵 Cumans · Japan
1591
-18
🇨🇳 Hindustanis · China
1454
-12
🇨🇳 Gurjaras · China
1448
-12
timembh
11:42 Loom
13:30 Feudal Age
18:47 Town Watch
28:10 Castle Age
30:56 Wheelbarrow
31:51 Horse Collar
33:51 Double-Bit Axe
36:51 Bow Saw
40:46 Hand Cart
40:55 Bloodlines
40:41 Fletching
43:43 Imperial Age
41:17 Padded Archer Armor
41:47 Bodkin Arrow
42:03 Thumb Ring
42:49 Leather Archer Armor
43:07 Stone Mining
43:07 Gold Mining
44:12 Ballistics
44:49 Husbandry
47:35 Imperial Age
47:44 Elite Mangudai
48:48 Bracer
49:15 Parthian Tactics
50:13 Light Cavalry
52:01 Conscription
52:15 Masonry
53:07 Chemistry
51:49 Hussar
52:44 Forging
53:50 Capped Ram
55:24 Drill
55:38 Scale Barding Armor
56:48 Chain Barding Armor
56:13 Siege Ram
59:58 Iron Casting
63:20 Pikeman
65:21 Squires
66:51 Blast Furnace
65:51 Scale Mail Armor
66:10 Siege Engineers
67:31 Caravan
72:05 Chain Mail Armor
80:18 Heavy Scorpion
比奇堡_Gary
11:22 Loom
13:45 Feudal Age
15:04 Double-Bit Axe
17:57 Castle Age
16:53 Horse Collar
17:01 Town Watch
18:55 Bow Saw
19:01 Heavy Plow
18:54 Gold Mining
21:00 Wheelbarrow
21:55 Stone Mining
27:24 Hand Cart
27:27 Fletching
32:53 Imperial Age
30:32 Bodkin Arrow
31:37 Ballistics
31:18 Padded Archer Armor
32:53 Leather Archer Armor
32:56 Elite Rattan Archer
33:37 Bracer
34:46 Chemistry
33:48 Elite Rattan Archer
35:00 Ring Archer Armor
35:56 Coinage
35:55 Thumb Ring
37:21 Banking
42:28 Paper Money
49:09 Heated Shot
52:30 Fortified Wall
53:10 Caravan
59:08 Squires
63:01 Elite Fire Lancer
63:18 Pikeman
63:44 Arson
63:49 Halberdier
64:31 Scale Mail Armor
64:41 Forging
65:48 Chain Mail Armor
65:47 Elite Fire Lancer
[MLT] Vexillolgy
10:01 Loom
13:04 Feudal Age
16:47 Castle Age
16:50 Double-Bit Axe
20:15 Horse Collar
22:10 Town Watch
22:51 Husbandry
25:12 Wheelbarrow
28:14 Bloodlines
29:02 Crossbowman
35:43 Imperial Age
36:59 Ballistics
37:41 Elite Magyar Huszar
38:59 Conscription
38:57 Scale Barding Armor
38:32 Heavy Cavalry Archer
39:37 Parthian Tactics
40:14 Chemistry
40:00 Hand Cart
40:39 Chain Barding Armor
40:31 Siege Engineers
40:23 Gold Mining
41:24 Stone Mining
42:11 Gold Shaft Mining
41:21 Cavalier
42:37 Plate Barding Armor
43:04 Paladin
43:47 Fletching
43:57 Padded Archer Armor
44:19 Corvinian Army
49:28 Town Patrol
49:41 Bow Saw
50:07 Masonry
50:37 Hoardings
52:28 Two-Man Saw
51:35 Heavy Plow
51:59 Treadmill Crane
53:30 Caravan
54:01 Coinage
55:02 Light Cavalry
55:46 Recurve Bow
55:51 Hussar
56:28 Capped Ram
58:42 Thumb Ring
60:17 Onager
62:20 Bodkin Arrow
62:41 Leather Archer Armor
63:02 Bracer
63:19 Leather Archer Armor
67:42 Ring Archer Armor
67:13 Scale Mail Armor
77:28 Sappers
78:57 Crop Rotation
82:02 Heavy Scorpion
d
10:51 Loom
12:36 Feudal Age
16:52 Castle Age
15:09 Double-Bit Axe
21:12 Town Watch
23:29 Horse Collar
27:45 Sanctity
29:24 Elite Skirmisher
30:29 Bow Saw
32:13 Fletching
33:09 Bodkin Arrow
33:37 Ballistics
35:15 Wheelbarrow
40:31 Imperial Age
38:18 Stone Mining
38:21 Gold Mining
40:24 Hand Cart
41:00 Stone Shaft Mining
40:28 Heavy Plow
42:15 Chemistry
41:23 Bracer
41:24 Padded Archer Armor
40:52 Imperial Skirmisher
42:34 Two-Man Saw
41:30 Pikeman
42:11 Squires
42:13 Halberdier
43:47 Leather Archer Armor
44:52 Thumb Ring
45:28 Conscription
45:10 Tower Shields
45:25 Arson
45:59 Guilds
46:52 Crop Rotation
47:26 Ring Archer Armor
46:57 Scale Mail Armor
47:09 Forging
49:19 Chain Mail Armor
49:59 Iron Casting
52:24 Hoardings
52:20 Scale Barding Armor
52:51 Elite Leitis
53:54 Chain Barding Armor
56:05 Plate Barding Armor
56:47 Bloodlines
56:37 Husbandry
58:36 Light Cavalry
59:50 Caravan
65:13 Winged Hussar
81:04 Treadmill Crane
81:44 Bombard Tower
rookie
13:29 Feudal Age
18:31 Castle Age
17:33 Bloodlines
17:18 Double-Bit Axe
17:42 Horse Collar
19:02 Scale Barding Armor
24:59 Loom
29:05 Wheelbarrow
29:35 Husbandry
30:05 Heavy Plow
30:22 Town Watch
32:36 Hand Cart
36:20 Imperial Age
34:32 Chain Barding Armor
34:23 Forging
34:18 Squires
34:13 Gold Mining
34:25 Stone Mining
34:37 Town Patrol
35:17 Masonry
35:58 Gold Shaft Mining
36:38 Iron Casting
36:16 Light Cavalry
36:35 Heavy Camel Rider
37:56 Plate Barding Armor
37:35 Bow Saw
38:41 Stone Shaft Mining
38:30 Conscription
37:30 Elite Ghulam
38:37 Hussar
41:46 Blast Furnace
40:47 Scale Mail Armor
41:38 Coinage
41:19 Grand Trunk Road
41:17 Siege Elephant
43:30 Banking
44:28 Imperial Camel Rider
45:25 Fletching
45:50 Chain Mail Armor
46:39 Bodkin Arrow
47:41 Hoardings
50:58 Caravan
53:48 Chemistry
53:08 Ballistics
52:53 Bracer
52:54 Padded Archer Armor
54:38 Elite Skirmisher
55:23 Thumb Ring
55:37 Leather Archer Armor
58:14 Two-Man Saw
67:02 Ring Archer Armor
78:46 Pikeman
Bz_青红
10:35 Loom
12:52 Feudal Age
16:48 Castle Age
15:17 Double-Bit Axe
15:58 Horse Collar
28:12 Town Watch
35:52 Bow Saw
35:45 Heavy Plow
36:55 Wheelbarrow
39:53 Imperial Age
38:26 Fletching
38:37 Padded Archer Armor
41:32 Conscription
41:33 Supremacy
42:30 Chemistry
42:30 Bodkin Arrow
43:14 Bloodlines
43:33 Bombard Tower
44:18 Bracer
44:36 Masonry
44:23 Murder Holes
44:19 Guard Tower
46:29 Leather Archer Armor
46:28 Fortified Wall
46:05 Arrowslits
46:42 Ballistics
46:53 Architecture
50:08 Ring Archer Armor
50:15 Keep
56:08 Elite Conquistador
56:59 Scale Barding Armor
57:04 Forging
57:33 Sappers
58:41 Pikeman
59:22 Scale Mail Armor
59:58 Iron Casting
61:19 Chain Barding Armor
60:43 Halberdier
61:46 Caravan
63:53 Capped Ram
65:01 Siege Ram
66:20 Chain Mail Armor
67:06 Blast Furnace
67:55 Coinage
67:11 Siege Ram
70:15 Squires
70:00 Arson
70:01 Gambesons
70:47 Plate Mail Armor
70:54 Plate Barding Armor
71:20 Man-at-Arms
72:46 Long Swordsman
75:37 Two-Handed Swordsman
78:24 Cavalier
79:06 Husbandry
78:31 Champion
83:42 Light Cavalry
系色望捏
9:39 Loom
10:12 Loom
12:09 Feudal Age
13:04 Double-Bit Axe
16:27 Horse Collar
28:20 Castle Age
29:46 Bow Saw
30:23 Heavy Plow
32:55 Wheelbarrow
32:54 Bloodlines
32:44 Husbandry
32:35 Town Watch
32:36 Light Cavalry
33:42 Man-at-Arms
37:49 Gold Mining
39:00 Hand Cart
44:11 Imperial Age
42:09 Hand Cart
43:20 Stone Mining
44:30 Husbandry
44:56 Scale Barding Armor
44:15 Elite Shrivamsha Rider
45:42 Stone Shaft Mining
46:01 Chain Barding Armor
45:52 Forging
48:04 Plate Barding Armor
48:19 Kshatriyas
48:40 Conscription
51:56 Gold Shaft Mining
51:01 Heavy Camel Rider
54:23 Coinage
54:49 Hussar
60:41 Town Patrol
61:12 Crop Rotation
62:57 Caravan
67:14 Iron Casting
75:16 Fletching
75:26 Padded Archer Armor
75:48 Ballistics
76:53 Frontier Guards
うーぺー
9:14 Loom
11:58 Feudal Age
12:15 Man-at-Arms
21:21 Double-Bit Axe
24:00 Castle Age
24:11 Stone Mining
24:12 Gold Mining
24:05 Horse Collar
25:15 Bow Saw
30:59 Ballistics
33:02 Wheelbarrow
34:34 Hand Cart
34:30 Heavy Plow
34:59 Fletching
38:46 Imperial Age
37:01 Scale Barding Armor
36:52 Bodkin Arrow
36:23 Light Cavalry
37:27 Bloodlines
39:37 Chain Barding Armor
39:09 Hussar
41:05 Two-Man Saw
40:46 Crop Rotation
41:07 Plate Barding Armor
43:11 Chemistry
42:30 Forging
45:07 Iron Casting
45:35 Conscription
45:17 Cavalier
47:59 Blast Furnace
47:04 Paladin
47:58 Elite Kipchak
50:40 Masonry
52:42 Thumb Ring
53:03 Parthian Tactics
52:53 Padded Archer Armor
55:18 Town Watch
55:51 Leather Archer Armor
55:42 Town Watch
60:07 Town Patrol
61:34 Caravan
64:31 Ring Archer Armor
74:05 Steppe Husbandry
74:08 Cuman Mercenaries
75:16 Murder Holes
Connection lost

Rejoining the realm…

Still unreachable

The connection could not be restored.

Session expired

The server has moved on; the page needs a fresh start.